 Dungeon Crawl Stone Soup version 0.30-a0-779-g7971cf19c3 (webtiles) character file.

Game seed: 9636445032444387049

19634 Pooter the Severer (level 12, -24/165 HPs)
             Began as a Minotaur Berserker on Feb 17, 2023.
             Was an Elder of Trog.
             Annihilated by an orc knight
             ... wielding a +0 great sword
              (37 damage)
             ... on level 2 of the Orcish Mines.
             The game lasted 01:35:28 (17776 turns).

Pooter the Severer (Minotaur Berserker)            Turns: 17776, Time: 01:35:29

Health: -24/165    AC: 15    Str: 23    XL:     12   Next: 38%
Magic:  0/11       EV:  4    Int:  6    God:    Trog [****..]
Gold:   52         SH:  0    Dex: 10    Spells: 11/11 levels left

rFire   + . .      SeeInvis +    a - +0 battleaxe
rCold   + . .      Faith    .    (shield currently unavailable)
rNeg    . . .      Spirit   +    T - +0 gold dragon scales
rPois   +          Reflect  .    (helmet restricted)
rElec   .          Harm     .    N - +0 cloak
rCorr   .          Rampage  .    (no gloves)
Will    .....                    S - +0 pair of boots {Fly} Stlth
                                 s - amulet of Xosach {Spirit Str-2 Slay+2 SInv}
HPRegen 0.47/turn                (no ring)
MPRegen 0.12/turn                (no ring)

@: berserking (expiring), flying, very quick
A: horns 2, retaliatory headbutt
a: Renounce Religion, Berserk, Trog's Hand, Brothers in Arms


You were on level 2 of the Orcish Mines.
You worshipped Trog.
Trog was greatly pleased with you.
You visited 2 branches of the dungeon, and saw 11 of its levels.
You also visited: Sewer, Ossuary and Bailey.

You collected 1492 gold pieces.
You spent 1440 gold pieces at shops.

Inventory:

Hand Weapons
 a - a +0 battleaxe (weapon)
   (You took it off an orc warrior in a bailey)
 b - a +2 heavy triple crossbow
   (You acquired it on level 7 of the Dungeon)
 h - a +2 antimagic dire flail
   (You took it off an orc knight on level 2 of the Orcish Mines)
 o - a +2 heavy hand axe
   (You found it on level 3 of the Dungeon)
 O - a +0 trident
   (You found it on level 5 of the Dungeon)
 P - a +0 morningstar of chaos
   (You took it off an orc wizard on level 7 of the Dungeon)
 R - a +0 broad axe
   (You took it off an orc warrior in a bailey)
Missiles
 c - 15 poisoned darts
 r - 3 throwing nets {!f}
 E - 4 curare-tipped darts
 L - 11 boomerangs (quivered)
 Q - 68 stones
Armour
 N - a +0 cloak (worn)
   (You found it on level 7 of the Dungeon)
 S - a +0 pair of boots of flying (worn)
   (You found it on level 9 of the Dungeon)
 T - +0 gold dragon scales (worn)
   (You bought it in a shop on level 7 of the Dungeon)
Jewellery
 s - the amulet of Xosach (around neck) {Spirit Str-2 Slay+2 SInv}
   (You acquired it in a bailey)

   [amulet of guardian spirit]

   It causes incoming damage to be divided between your reserves of health and
   magic.
   Str:       It affects your strength (-2).
   Slay:      It affects your accuracy & damage with ranged weapons and melee
   (+2).
   SInv:      It lets you see invisible.
 y - a ring of ice
   (You found it on level 4 of the Dungeon)
 J - the ring of Cuudul {rPois rN+++ rCorr Str-2 Dex-4}
   (You found it on level 8 of the Dungeon)

   [ring of poison resistance]

   Str:       It affects your strength (-2).
   Dex:       It affects your dexterity (-4).
   rPois:     It protects you from poison.
   rN:        It renders you almost immune to negative energy.
   rCorr:     It protects you from acid and corrosion.
Wands
 f - a wand of flame (1)
   (You found it on level 6 of the Dungeon)
 u - a wand of paralysis (5)
   (You took it off Ijyb on level 5 of the Dungeon)
 x - a wand of acid (1)
   (You found it on level 4 of the Dungeon)
 z - a wand of roots (11)
   (You found it on level 5 of the Dungeon)
 D - a wand of digging (5)
   (You found it on level 7 of the Dungeon)
Scrolls
 g - 2 scrolls of fear
 j - a scroll of noise {!r}
 k - 4 scrolls of immolation {!r}
 p - a scroll of fog
 t - 3 scrolls of teleportation {@r4}
 v - a scroll of blinking
 C - a scroll of vulnerability {!r}
Potions
 d - 2 potions of flight {unknown}
 e - 7 potions of curing {@q1}
 i - a potion of might
 l - 3 potions of resistance {unknown}
 m - 3 potions of invisibility
 n - 5 potions of cancellation
 q - 2 potions of attraction {unknown}
 A - 3 potions of ambrosia
 B - a potion of magic {unknown}
 F - 3 potions of mutation {unknown}
 G - 2 potions of haste {@q3}
 I - a potion of heal wounds {@q2}
 K - 2 potions of lignification {!q}
Miscellaneous
 H - a tin of tremorstones (inert)
   (You bought it in a shop on level 8 of the Dungeon)


   Skills:
 + Level 11.6 Fighting
 * Level 17.3 Axes
 * Level 12.1 Ranged Weapons
 - Level 2.4 Armour
 - Level 2.1 Dodging
 - Level 2.9 Evocations


You had 11 spell levels left.
You didn't know any spells.
Your spell library was empty.

Dungeon Overview and Level Annotations

Branches:
Dungeon (9/15)             Temple (0/1) D:4             Orc (2/2) D:9
    Elf (0/3) Orc:2         Sewer (visited)         Ossuary (visited)
 Bailey (visited)
   Lair: D:8-11

Altars:
Cheibriados
Dithmenos
Elyvilon
Makhleb
Nemelex Xobeh
Trog
Uskayaw
Xom

Shops:
D:7 [   D:8 *


Innate Abilities, Weirdness & Mutations

You have a pair of horns on your head.
You reflexively headbutt those who attack you in melee.


Message History

The orc high priest calls upon Beogh to heal the orc high priest.
The orc high priest is healed somewhat.
The orc knight hits you with a +1 long sword of holy wrath!
* * * LOW HITPOINT WARNING * * *
The hellwing hits you.
* * * LOW HITPOINT WARNING * * *
The hellwing hits you but does no damage.
The chaos spawn gores you but does no damage.
You slash the orc high priest! You headbutt the orc high priest.
You hit the orc knight but do no damage.
You closely miss the orc high priest. You slash the chaos spawn!
You barely miss the hellwing. You slice the orc high priest!!
You kill the orc high priest!
Trog accepts your kill.
You closely miss the chaos spawn. You hit the hellwing but do no damage.
You barely miss the orc knight. You slash the orc high priest!
The orc high priest hits you with a +0 battleaxe!
* * * LOW HITPOINT WARNING * * *
The orc knight roars a battlecry!
The orc knight goes into a battle-frenzy!
The hellwing hits you but does no damage. x2
The chaos spawn hits you.
* * * LOW HITPOINT WARNING * * *
You are engulfed in flames.
You resist.
* * * LOW MAGIC WARNING * * *
* * * LOW HITPOINT WARNING * * *
You slash the orc high priest! You slash the chaos spawn!
You kill the chaos spawn!
The chaos spawn degenerates into a cloud of primal chaos!
You slash the hellwing! You barely miss the orc knight.
You hit the orc high priest. You slash the hellwing! You slash the orc knight!
You kill the orc knight!
Trog accepts your kill.
The orc high priest hits you with a +0 battleaxe.
* * * LOW HITPOINT WARNING * * *
The hellwing hits you but does no damage. x2
Your Ranged Weapons skill increases to level 12!
You slice the orc high priest!!
You kill the orc high priest!
Trog accepts your kill.
The hellwing disappears in a puff of smoke!
You closely miss the orc knight. You barely miss the orc knight.
You headbutt the orc knight!
The orc knight hits you with a +0 great sword!!
* * * LOW MAGIC WARNING * * *
* * * LOW HITPOINT WARNING * * *
You closely miss the orc knight.
The orc knight hits you with a +0 great sword!!!
You die...

#### .# ## ###### #
#....÷# .......###
.....÷...# .÷...÷...##
...§..÷)§.##
..÷..÷o@...#
.÷...÷)#)÷.## ###
#..÷.÷.##)).#
###.######..###...# #
##....# #####)...#
###.....#######.....##
...............)...##
###...#...........##
##.##.....)...###


You could see an orc knight (strong).

Vanquished Creatures
  Josephine (D:9)
  Erolcha (Orc:1)
  3 two-headed ogres
  4 orc high priests (Orc:2)
  Pikel (D:5)
  4 orc knights
  3 orc sorcerers (Orc:2)
  Maurice (D:8)
  2 kobold demonologists (Bailey)
  Maggie (D:9)
  2 trolls (Orc:2)
  A hornet (D:8)
  2 shadows (D:9)
  A wyvern (D:9)
  Eustachio (D:4)
  5 wraiths
  2 steam dragons (D:7)
  Menkaure (D:5)
  An acid dragon (D:8)
  3 wargs
  A water moccasin (D:6)
  29 orc warriors
  An ice beast (D:5)
  4 black bears
  A sky beast (D:7)
  6 ogres
  A kobold brigand (Sewer)
  A phantom (D:9)
  6 scorpions
  4 bullfrogs
  A necrophage (D:7)
  5 water moccasin zombies (Ossuary)
  5 wights (D:9)
  2 troll zombies (D:9)
  7 electric eels (Bailey)
  2 jellies
  5 hounds
  A gnoll bouda (D:6)
  19 orc priests
  Ijyb (D:5)
  5 iguanas
  17 orc wizards
  6 ogre zombies (D:9)
  3 mummies
  10 gnolls
  4 river rats (Sewer)
  10 adders
  A shadow imp (D:3)
  A white imp (D:5)
  6 adder zombies (Ossuary)
  A worm (D:3)
  4 dart slugs
  49 orcs
  8 ball pythons
  4 bats
  6 endoplasms
  5 giant cockroaches
  2 gnoll zombies (Ossuary)
  4 goblins
  10 hobgoblins
  2 jackals (D:2)
  8 quokkas
  6 frilled lizards
  2 goblin skeletons (D:9)
  2 goblin zombies (D:9)
  A hobgoblin skeleton (D:9)
  7 hobgoblin zombies
  17 kobolds
  3 kobold zombies (Ossuary)
  3 orc skeletons (D:9)
  18 orc zombies
  13 rats
380 creatures vanquished.

Vanquished Creatures (collateral kills)
  An orc priest (D:6)
  2 gnolls (D:6)
  A river rat (Sewer)
  5 rats (Sewer)
9 creatures vanquished.

Vanquished Creatures (others)
  An orc wizard (Orc:2)
  A ball python (Sewer)
  A kobold (Sewer)
  2 plants (D:6)
5 creatures vanquished.

Grand Total: 394 creatures vanquished

Notes
Turn   | Place    | Note
-------+----------+-------------------------------------------
     0 | D:1      | Pooter the Minotaur Berserker began the quest for the Orb.
     0 | D:1      | Reached XP level 1. HP: 19/19 MP: 0/0
     0 | D:1      | Upgraded the game from 0.30-a0-778-g2ef04afb54 to
                  | 0.30-a0-779-g7971cf19c3
   233 | D:1      | Reached skill level 4 in Axes
   244 | D:1      | Reached XP level 2. HP: 23/27 MP: 1/1
   582 | D:2      | Reached XP level 3. HP: 33/33 MP: 2/2
   804 | D:2      | Reached ** piety under Trog
  1271 | D:3      | Reached skill level 5 in Axes
  1538 | D:3      | Reached XP level 4. HP: 41/41 MP: 3/3
  1909 | D:3      | Reached skill level 5 in Fighting
  1909 | D:3      | Reached skill level 6 in Axes
  1909 | D:3      | Reached XP level 5. HP: 48/48 MP: 4/4
  2094 | D:3      | Found a faded altar of an unknown god.
  2549 | D:4      | Found a staircase to the Ecumenical Temple.
  2595 | D:4      | Reached skill level 7 in Axes
  2598 | D:4      | Reached XP level 6. HP: 52/56 MP: 5/5
  2906 | D:4      | Noticed Eustachio
  2936 | D:4      | Killed Eustachio
  2937 | D:4      | Reached skill level 8 in Axes
  3374 | D:4      | Reached XP level 7. HP: 60/61 MP: 6/6
  3413 | D:5      | Entered Level 5 of the Dungeon
  3413 | D:5      | Noticed Menkaure
  3436 | D:5      | Reached skill level 9 in Axes
  3451 | D:5      | Reached *** piety under Trog
  3452 | D:5      | Reached skill level 10 in Axes
  3485 | D:5      | Killed Menkaure
  3506 | D:5      | Reached skill level 11 in Axes
  3506 | D:5      | Reached XP level 8. HP: 62/68 MP: 7/7
  3553 | D:5      | Noticed Ijyb
  3556 | D:5      | Killed Ijyb
  3617 | D:5      | Noticed Pikel
  3625 | D:5      | Killed Pikel
  3626 | D:5      | Reached skill level 12 in Axes
  3667 | D:5      | Found a glowing drain.
  3671 | Sewer    | Entered a sewer
  3692 | Sewer    | Reached skill level 13 in Axes
  3959 | Sewer    | Reached **** piety under Trog
  4591 | D:5      | Found a burning altar of Makhleb.
  4735 | D:6      | Reached XP level 9. HP: 50/74 MP: 8/8
  4968 | D:6      | Reached skill level 14 in Axes
  5017 | D:6      | Found a sparkling altar of Nemelex Xobeh.
  5404 | D:6      | Found a snail-covered altar of Cheibriados.
  5506 | D:6      | Reached skill level 1 in Evocations
  5849 | D:7      | Found El's Dragon-Slaying Spoils.
  6496 | D:7      | Identified a scroll of acquirement
  6497 | D:7      | Acquired a +0 heavy triple crossbow
  6514 | D:7      | Reached skill level 1 in Ranged Weapons
  7099 | D:8      | Noticed Maurice
  7117 | D:8      | Killed Maurice
  7157 | D:8      | Found Vatruqaa's Elemental Accessories.
  7165 | D:8      | Found a shimmering altar of Xom.
  7283 | D:8      | Found a sand-covered staircase.
  7290 | Ossuary  | Entered an ossuary
  7382 | Ossuary  | Reached XP level 10. HP: 79/86 MP: 9/9
  7582 | D:8      | Found a flagged portal.
  7589 | Bailey   | Entered a bailey
  7750 | Bailey   | Reached ***** piety under Trog
  7835 | Bailey   | Reached skill level 15 in Axes
  8005 | Bailey   | Reached skill level 5 in Ranged Weapons
  8483 | Bailey   | Noticed an orc knight
  8507 | Bailey   | Killed an orc knight
  8615 | Bailey   | Acquired the amulet of Xosach {Spirit Str-2 Slay+2 SInv}
  8704 | Bailey   | Found an iron altar of Okawaru.
  9054 | D:8      | Noticed a two-headed ogre
  9060 | D:8      | Killed a two-headed ogre
  9097 | D:8      | Found a hide-covered altar of Uskayaw.
  9098 | D:8      | Found a bloodstained altar of Trog.
  9282 | D:8      | Bought a tin of tremorstones (2/2) for 560 gold pieces
  9306 | D:8      | Identified the ring of Cuudul {rPois rN+++ rCorr Str-2
                  | Dex-4}
 10209 | D:9      | Found a white marble altar of Elyvilon.
 10230 | D:9      | Found a shadowy altar of Dithmenos.
 10451 | D:9      | Reached XP level 11. HP: 97/97 MP: 10/10
 11027 | D:9      | Noticed a two-headed ogre
 11032 | D:9      | Killed a two-headed ogre
 12078 | D:9      | Found a staircase to the Orcish Mines.
 12098 | D:9      | Noticed Maggie
 12118 | D:9      | Killed Maggie
 12130 | D:9      | Noticed a two-headed ogre
 12137 | D:9      | Killed a two-headed ogre
 12138 | D:9      | Reached skill level 16 in Axes
 12243 | Orc:1    | Entered Level 1 of the Orcish Mines
 12647 | Orc:1    | Noticed Josephine
 12669 | Orc:1    | Reached skill level 10 in Fighting
 12684 | D:9      | Killed Josephine
 13120 | Orc:2    | Entered Level 2 of the Orcish Mines
 13132 | Orc:1    | Reached skill level 10 in Ranged Weapons
 13395 | Orc:1    | Noticed Erolcha
 13403 | Orc:1    | Killed Erolcha
 14139 | Orc:2    | Noticed an orc high priest
 14150 | Orc:2    | Killed an orc high priest
 15305 | D:7      | Bought +0 gold dragon scales for 880 gold pieces
 15804 | Orc:2    | Noticed an orc knight
 15805 | Orc:2    | Reached XP level 12. HP: 73/110 MP: 11/11
 15948 | Orc:2    | Found a staircase to the Elven Halls.
 17525 | Orc:2    | Noticed an orc high priest
 17530 | Orc:2    | Killed an orc high priest
 17756 | Orc:2    | Noticed an orc high priest
 17762 | Orc:2    | Reached skill level 17 in Axes
 17762 | Orc:2    | Noticed an orc high priest
 17771 | Orc:2    | Killed an orc high priest
 17774 | Orc:2    | Killed an orc high priest
 17776 | Orc:2    | Annihilated by an orc knight

Illustrated notes

Levels and vault maps discovered:
D:1:      saegor_arrival_under_anarchy, layout_rooms, minmay_misc_feat_iff
D:2:      layout_basic
D:3:      layout_loops_cross, shapermc_ecumenical_altar_acropolis,
          grunt_ministairs_4
D:4:      layout_gridville, minmay_temple_entry_proselytizer,
          nicolae_hexahallways, nicolae_kite_square_tiling_tiny, uniq_eustachio
D:5:      layout_rooms, lightli_temple_of_fire, gup_sewer_entry_bowl,
          nicolae_elevator_lobby_asterisk, uniq_menkaure, uniq_pikel, uniq_ijyb
D:6:      layout_basic, nemelex_altar_shiori, nicolae_overflow_crystal_walls,
          minivault_25, wad_floor_pattern_1, hangedman_glass_teeth,
          serial_bayou_lagoon_a, minivault_11
D:7:      minmay_general_purpose_star, layout_rooms, hex_medium,
          nicolae_shop_dragon_depot
D:8:      layout_basic, pf_just_have_faith, lemuel_crystal_altar,
          overflow_temple_1_default, enter_bailey_2, gup_ossuary_entry_pyramid,
          nicolae_elemental_shop, hangedman_decor_opposing, uniq_maurice
D:9:      layout_irregular_city, elyvilon_altar_5,
          mainiacjoe_overflow_tiny_flanked, zombieorc2_lemuel, uniq_maggie
Orc:1:    layout_caves, uniq_josephine, uniq_erolcha
Orc:2:    grunt_orc_tribal_feast, layout_diamond_mine

Skill      XL: |  1  2  3  4  5  6  7  8  9 10 11 12 |
---------------+-------------------------------------+-----
Axes           | 4 5 6 7 8 11 13 14 15 16 17 | 17.3
Fighting       | 4 5 7 9 11 | 11.6
Evocations     | 2 |  2.9
Ranged Weapons | 3 8 11 12 | 12.1
Armour         | |  2.4
Dodging        | |  2.1

Action                     |  1- 3 |  4- 6 |  7- 9 | 10-12 || total
---------------------------+-------+-------+-------+-------++-------
  Melee: Hand axe          |    59 |    71 |   214 |    41 ||   385
         Headbutt          |     6 |     8 |    37 |    38 ||    89
         Punch             |       |       |     2 |       ||     2
         Battleaxe         |       |       |       |   219 ||   219
   Fire: Triple crossbow   |       |       |     2 |   164 ||   166
  Throw: Stone             |     4 |       |       |       ||     4
         Boomerang         |       |       |    28 |     3 ||    31
         Dart              |       |       |       |     3 ||     3
 Invoke: Berserk           |     2 |     4 |     5 |    14 ||    25
         Trog's Hand       |     1 |     1 |     6 |    19 ||    27
  Evoke: Wand              |       |       |     9 |    25 ||    34
         Tin of tremorston |       |       |       |     2 ||     2
    Use: Scroll            |     3 |     1 |    15 |     7 ||    26
         Potion            |       |       |       |     3 ||     3
   Stab: Distracted        |       |       |     1 |       ||     1
 Armour: Animal skin       |     3 |       |       |       ||     3
         Plate armour      |     7 |    40 |   140 |   183 ||   370
         Gold dragon scale |       |       |       |    36 ||    36
  Dodge: Dodged            |    28 |    30 |    93 |   126 ||   277

Table legend: (Time is in decaauts)
 A = Elapsed time spent in this place.
 B = Non-inter-level travel time spent in this place.
 C = Inter-level travel time spent in this place.
 D = Time resting spent in this place.
 E = Time spent auto-exploring this place.
 F = Levels seen in this place.
 G = Mean time per level.
                   A        B        C        D        E       F      G
               +--------+--------+--------+--------+--------+-----+--------+
         Total |  18396 |  17561 |    835 |   7829 |   5968 |  14 | 1314.0 |
       Dungeon |  10985 |  10236 |    749 |   3487 |   4858 |   9 | 1220.6 |
  Orcish Mines |   5092 |   5007 |     85 |   3478 |    342 |   2 | 2546.0 |
         Sewer |    615 |    615 |      0 |     37 |    401 |   1 |  615.0 |
       Ossuary |    216 |    216 |      0 |      0 |    136 |   1 |  216.0 |
        Bailey |   1485 |   1485 |      0 |    826 |    229 |   1 | 1485.0 |
               +--------+--------+--------+--------+--------+-----+--------+

Top non-repeatable levels by time:
   Orc:2: 3390 daAuts
     D:9: 2646 daAuts
   Orc:1: 1702 daAuts
     D:6: 1559 daAuts
     D:8: 1489 daAuts
  Bailey: 1485 daAuts
     D:3: 1192 daAuts
     D:4: 1024 daAuts
     D:7: 975 daAuts
     D:2: 902 daAuts
     D:5: 719 daAuts
   Sewer: 615 daAuts
     D:1: 478 daAuts
 Ossuary: 216 daAuts
